 Dungeon Crawl Stone Soup version 0.28.0-47-ge53b351184 (webtiles) character file.

Game seed: 2535155605622538533

20 Kniotic the Insei (level 2, -1/24 HPs)
             Began as a Demonspawn Monk on May 10, 2022.
             Slain by an adder (2 damage)
             ... on level 2 of the Dungeon.
             The game lasted 00:01:05 (1407 turns).

Kniotic the Insei (Demonspawn Monk)                 Turns: 1407, Time: 00:01:06

Health: -1/24      AC:  2    Str: 11    XL:     2   Next: 58%
Magic:  2/2        EV: 12    Int: 11    God:
Gold:   27         SH:  0    Dex: 15    Spells: 1/1 levels left

rFire   . . .      SeeInvis .     - Unarmed
rCold   . . .      Faith    .   (no shield)
rNeg    . . .      Spirit   .   a - +0 robe
rPois   .          Reflect  .   (helmet restricted)
rElec   .          Harm     .   (no cloak)
rCorr   .          Rampage  .   (no gloves)
Will    .....                   (no boots)
Stlth   ++........              (no amulet)
HPRegen 0.08/turn               (no ring)
MPRegen 0.08/turn               (no ring)

@: lethally poisoned (-1 -> -4)
A: horns 1
a: no special abilities


You were on level 2 of the Dungeon.
You visited 1 branch of the dungeon, and saw 2 of its levels.

You collected 27 gold pieces.

Inventory:

Armour
 a - a +0 robe (worn)
Jewellery
 g - an amulet of faith
Scrolls
 b - 2 scrolls of identify {unknown}
 d - a scroll of silence {unknown}
 e - a scroll of immolation {unknown}
Potions
 c - a potion of curing {unknown}
 f - 2 potions of heal wounds {unknown}


   Skills:
 - Level 3.0 Fighting
 - Level 2.6 Dodging
 - Level 1.7 Stealth
 + Level 3.6 Unarmed Combat


You had one spell level left.
You didn't know any spells.
Your spell library was empty.

Dungeon Overview and Level Annotations

Branches:
Dungeon (2/15)

Altars:


Innate Abilities, Weirdness & Mutations

You have a pair of small horns on your head.


Message History

The adder is lightly wounded.
The adder bites you.
You are poisoned.
The adder poisons you! The goblin closely misses you.
You barely miss the adder.
The adder is lightly wounded.
You feel sick. The adder barely misses you. The goblin barely misses you.
You barely miss the adder.
The adder is lightly wounded.
You feel sick. The adder bites you. The goblin hits you with a +0 club.
The adder misses you.
You are too injured to fight recklessly!
You are too injured to fight recklessly!
You are too injured to fight recklessly!
You are too injured to fight recklessly!
You are too injured to fight recklessly!
You are too injured to fight recklessly!
You are too injured to fight recklessly!
You are too injured to fight recklessly!
You feel sick.
You feel sick.
You miss the adder.
The adder is lightly wounded.
You feel sick. The adder misses you.
You barely miss the adder. You headbutt the adder.
The adder is moderately wounded.
You feel sick.
You are no longer poisoned.
The adder closely misses you. x2
You barely miss the adder.
The adder is moderately wounded.
The adder bites you.
* * * LOW HITPOINT WARNING * * *
You are lethally poisoned!
The adder poisons you!
You miss the adder. Your headbutt misses the adder.
The adder is moderately wounded.
* * * LOW HITPOINT WARNING * * *
You feel sick. The adder bites you.
You die...

#########
#.......#
#.......#
####.......#
#.#
...........#
#.#
#.......#
#.#
#....g..#
#.#
#####S###
#.#
#@#####.#
#....##.##
####(....#
###.#.#
#.#.# ###
#.#.. ..#
#.#####.#
#....##.##
####...<.#


You could see an adder and a goblin.

Vanquished Creatures
  2 dart slugs (D:1)
  A ball python (D:1)
  2 endoplasms (D:1)
  A giant cockroach (D:1)
  2 goblins (D:1)
  A hobgoblin (D:2)
  A bat (D:1)
  2 kobolds (D:1)
  3 rats (D:1)
15 creatures vanquished.

Vanquished Creatures (others)
  A kobold (D:1)
1 creature vanquished.

Grand Total: 16 creatures vanquished

Notes
Turn   | Place    | Note
-------+----------+-------------------------------------------
     0 | D:1      | Kniotic the Demonspawn Monk began the quest for the Orb.
     0 | D:1      | Reached XP level 1. HP: 18/18 MP: 1/1
   316 | D:1      | Discovered your monstrous ancestry.
   316 | D:1      | Gained mutation: You have a pair of small horns on your
                  | head. [demonic ancestry]
   316 | D:1      | Reached XP level 2. HP: 24/24 MP: 2/2
  1407 | D:2      | HP: 1/24 [poisoned by an adder]
  1407 | D:2      | Slain by an adder

Illustrated notes

Levels and vault maps discovered:
D:1:      lemuel_arrival_behind_the_door_large, layout_basic,
          hangedman_decor_push
D:2:      layout_rooms, dilly_ecumenical_altar_fadedgnrine, serial_shops,
          shop_coins

Skill      XL: |  1 |
---------------+----+-----
Unarmed Combat | 3 |  3.6
Fighting       | |  3.0
Dodging        | |  2.6
Stealth        | |  1.7

Action                   || total
-------------------------++-------
Melee: Unarmed           ||    52
       Punch             ||     2
       Headbutt          ||     8
 Stab: Sleeping          ||     2
Armor: Robe              ||    13
Dodge: Dodged            ||    33
